 Dungeon Crawl Stone Soup version 0.31-a0-188-g5e087ee2ca (webtiles) character file.

Game seed: 15823838573597777871

197 mopl the Slasher (level 5, -9/30 HPs)
             Began as a Tengu Warper on June 23, 2023.
             Mangled by an iguana (10 damage)
             ... on level 4 of the Dungeon.
             The game lasted 00:03:46 (2879 turns).

mopl the Slasher (Tengu Warper)                     Turns: 2879, Time: 00:03:46

Health: -9/30      AC:  3    Str: 13    XL:     5   Next: 75%
Magic:  10/10      EV: 14    Int: 13    God:
Gold:   148        SH:  0    Dex: 14    Spells: 2/10 levels left

rFire   . . .        a - +0 falchion
rCold   . . .        (no shield)
rNeg    . . .        b - +0 leather armour
rPois   .            (helmet restricted)
rElec   .            (no cloak)
rCorr   .            (no gloves)
SInv    .            (boots unavailable)
Will    .....        (no amulet)
Stlth   +            (no ring)
HPRegen 0.25/turn    (no ring)
MPRegen 0.12/turn

%: no passive effects
@: flying quickly and evasively, quick
A: beak, talons 3, nimble flight
a: no special abilities


You were on level 4 of the Dungeon.
You visited 1 branch of the dungeon, and saw 4 of its levels.

You collected 148 gold pieces.

Inventory:

Hand Weapons
 a - a +0 falchion (weapon)
Missiles
 d - 7 boomerangs of dispersal
Armour
 b - a +0 leather armour (worn)
Scrolls
 c - a scroll of blinking
 f - a scroll of summoning {unknown}
 i - 2 scrolls of teleportation {unknown}
 j - 2 scrolls of enchant weapon {unknown}
 n - 3 scrolls of poison {unknown}
 o - a scroll of immolation {unknown}
Potions
 g - 2 potions of curing
 h - a potion of enlightenment
 k - 2 potions of lignification {unknown}


   Skills:
 - Level 2.0 Fighting
 * Level 4.7 Long Blades
 - Level 1.0 Throwing
 - Level 1.1 Armour
 - Level 2.1 Dodging
 + Level 3.1 Spellcasting
 + Level 3.3 Translocations


You had 2 spell levels left.
You knew the following spells:

 Your Spells              Type           Power      Damage    Failure   Level
a - Manifold Assault      Tloc           10%        N/A       58%         4
b - Lesser Beckoning      Tloc           20%        N/A       11%         2
e - Blink                 Tloc           20%        N/A       11%         2

Your spell library contained the following spells:

 Spells                   Type           Power      Damage    Failure   Level
 Kiss of Death            Conj/Necr      8%         2d6       28%         1
 Summon Small Mammal      Summ           8%         N/A       28%         1
 Gell's Gravitas          Tloc           10%        N/A       22%         3
 Teleport Other           Tloc           10%        N/A       22%         3
 Vhi's Electric Charge    Tloc/Air       12%        N/A       41%         3
 Call Canine Familiar     Summ           2%         N/A       65%         3
 Confusing Touch          Hex            2%         N/A       65%         3
 Summon Guardian Golem    Hex/Summ       2%         N/A       65%         3
 Dispel Undead            Necr           2%         3d7       96%         4
 Dispersal                Tloc           5%         N/A       100%        6


Dungeon Overview and Level Annotations

Branches:
Dungeon (4/15)
 Temple: D:4-7

Altars:


Innate Abilities, Weirdness & Mutations

You have a beak for a mouth.
You have claws for feet.
Your magical nature lets you fly swiftly and evasively.


Message History

A kobold comes into view. It is wielding a +0 short sword.
The kobold shouts!
The kobold misses you.
You barely miss the kobold. Your peck misses the kobold.
The kobold hits you but does no damage.
You hit the kobold but do no damage. Your kick misses the kobold.
The kobold closely misses you.
You closely miss the kobold. Your kick misses the kobold.
The kobold hits you with a +0 short sword.
An iguana comes into view.
The iguana hisses angrily.
You hit the kobold.
You kill the kobold!
Found a scroll labelled ODEMUZ USCHATT.
The iguana bites you!
You see here a +0 short sword.
You hit the iguana.
The iguana is moderately wounded.
The iguana bites you!
You are too injured to fight recklessly!
You are too injured to fight recklessly!
You barely miss the iguana. You claw the iguana.
You peck the iguana, but do no damage.
The iguana is heavily wounded.
The iguana bites you but does no damage.
You closely miss the iguana. Your kick misses the iguana.
The iguana is heavily wounded.
The iguana bites you but does no damage.
You closely miss the iguana. You claw the iguana.
You peck the iguana, but do no damage.
The iguana is almost dead.
The iguana closely misses you.
You closely miss the iguana. You claw the iguana, but do no damage.
You peck the iguana, but do no damage.
The iguana is almost dead.
The iguana bites you!
* * * LOW HITPOINT WARNING * * *
You closely miss the iguana. You claw the iguana, but do no damage.
The iguana is almost dead.
The iguana bites you!
You die...

##. . ... .# ?.
#####.##
..#......#
.#......#
.......## #
#l......# ..####
#@.......
......##......##
..............#
..
.........####...
.........#.## ##
.........#.#
#..######.#
##...####..#
.h........##


You could see an iguana.

Vanquished Creatures
  A hound (D:4)
  An iguana (D:3)
  6 adders
  5 worms
  2 dart slugs (D:2)
  2 orcs (D:3)
  3 ball pythons
  7 endoplasms
  3 giant cockroaches
  2 goblins (D:2)
  3 hobgoblins
  4 jackals
  7 quokkas
  3 bats
  2 frilled lizards
  9 kobolds
  4 rats
64 creatures vanquished.

Notes
Turn   | Place    | Note
-------+----------+-------------------------------------------
     0 | D:1      | mopl the Tengu Warper began the quest for the Orb.
     0 | D:1      | Reached XP level 1. HP: 12/12 MP: 4/4
   230 | D:1      | Reached XP level 2. HP: 17/17 MP: 6/6
   283 | D:1      | Learned a level 2 spell: Blink
   286 | D:1      | Learned a level 2 spell: Lesser Beckoning
   801 | D:2      | Reached skill level 3 in Long Blades
   801 | D:2      | Reached XP level 3. HP: 15/21 MP: 7/7
  1147 | D:2      | Reached XP level 4. HP: 15/26 MP: 8/8
  1406 | D:2      | Learned a level 4 spell: Manifold Assault
  1527 | D:2      | Reached skill level 3 in Translocations
  1595 | D:2      | Reached skill level 4 in Long Blades
  1966 | D:3      | Gained mutation: Your magical nature lets you fly swiftly
                  | and evasively. [Tengu growth]
  1966 | D:3      | Reached XP level 5. HP: 28/30 MP: 10/10
  2288 | D:3      | Reached skill level 3 in Spellcasting
  2322 | D:3      | Found a faded altar of an unknown god.
  2794 | D:4      | Noticed a black bear
  2878 | D:4      | HP: 1/30 [iguana (11)]
  2879 | D:4      | Mangled by an iguana

Illustrated notes

Levels and vault maps discovered:
D:1:      matt_arrival_spirals, layout_loops_ring, st_stairs_6
D:2:      minmay_chambers_of_ones, layout_basic, kennysheep_path_1
D:3:      layout_loops_cross, chequers_ecumenical_altar_island
D:4:      layout_rooms

Skill      XL: |  1  2  3  4  5 |
---------------+----------------+-----
Long Blades    | 3 4 |  4.7
Translocations | 3 |  3.3
Spellcasting   | 3 |  3.1
Fighting       | |  2.0
Throwing       | |  1.0
Armour         | |  1.1
Dodging        | |  2.1

Action                     |  1- 3 |  4- 6 || total
---------------------------+-------+-------++-------
  Melee: Falchion          |    71 |   109 ||   180
         Kick              |    12 |    33 ||    45
         Peck              |     6 |    18 ||    24
    Use: Scroll            |       |     4 ||     4
 Armour: Leather armour    |    15 |    26 ||    41
  Dodge: Dodged            |    37 |    80 ||   117

Table legend: (Time is in decaauts)
 A = Elapsed time spent in this place.
 B = Non-inter-level travel time spent in this place.
 C = Inter-level travel time spent in this place.
 D = Time resting spent in this place.
 E = Time spent auto-exploring this place.
 F = Levels seen in this place.
 G = Mean time per level.
                   A        B        C        D        E       F      G
               +--------+--------+--------+--------+--------+-----+--------+
         Total |   2828 |   2727 |    101 |    384 |   1816 |   4 |  707.0 |
       Dungeon |   2828 |   2727 |    101 |    384 |   1816 |   4 |  707.0 |
               +--------+--------+--------+--------+--------+-----+--------+

Top non-repeatable levels by time:
     D:2: 1203 daAuts
     D:1: 772 daAuts
     D:3: 684 daAuts
     D:4: 167 daAuts
